 Dungeon Crawl Stone Soup version 0.26.0-45-g9c1d065592 (webtiles) character file.

Game seed: 18402287886688120117

3983 kaeus the Covert (level 10, -3/69 HPs)
             Began as an Octopode Fighter on Jan 29, 2021.
             Slain by a manticore (24 damage)
             ... on level 8 of the Dungeon.
             The game lasted 00:16:44 (12118 turns).

kaeus the Covert (Octopode Fighter)                Turns: 12118, Time: 00:16:44

Health: -3/69      AC:  1    Str: 16    XL:     10   Next: 22%
Magic:  22/22      EV: 15    Int: 12    God:
Gold:   320        SH: 14    Dex: 15    Spells: 7/13 levels left

rFire    . . .     SeeInvis .   x - +4 short sword (venom)
rCold    . . .     Faith    .   b - +0 kite shield
rNeg     . . .     Spirit   .   (helmet restricted)
rPois    .         Reflect  .   (no amulet)
rElec    .         Harm     .   t - ring of magical power
rCorr    .         Rampage  .   (no ring)
Will     .....                  (no ring)
Stlth    ++++++....             (no ring)
HPRegen  0.21/turn              (no ring)
MPRegen  0.18/turn              (no ring)
                                (no ring)
                                (no ring)

@: no status effects
A: almost no armour, stealthy swim, amphibious, 8 rings, constrict 8, large bone
plates 1, camouflage 1, clever 1, gelatinous body 1, MP-powered wands
a: no special abilities


You were on level 8 of the Dungeon.
You visited 2 branches of the dungeon, and saw 9 of its levels.

You collected 320 gold pieces.

Inventory:

Hand Weapons
 f - a +2 dagger of flaming
 x - a +4 short sword of venom (weapon)
Missiles
 l - 41 poisoned darts
Armour
 b - a +0 kite shield (worn)
Jewellery
 t - a ring of magical power (left tentacle)
 y - a +4 ring of protection
Wands
 m - a wand of flame (17)
 o - a wand of digging (3)
 q - a wand of random effects (26)
Scrolls
 d - 7 scrolls of identify {unknown}
 h - 2 scrolls of remove curse {unknown}
 j - a scroll of enchant armour {unknown}
 p - 4 scrolls of teleportation {unknown}
 s - 2 scrolls of blinking {unknown}
 v - 2 scrolls of amnesia {unknown}
 w - a scroll of immolation {unknown}
Potions
 a - 3 potions of brilliance {unknown}
 c - 2 potions of might
 e - a potion of degeneration {unknown}
 g - a potion of haste {unknown}
 i - 6 potions of mutation
 k - a potion of resistance {unknown}
 n - a potion of lignification {unknown}
 r - a potion of flight
 u - a potion of curing


   Skills:
 + Level 6.4 Fighting
 - Level 5.1 Short Blades
 + Level 6.3 Dodging
 * Level 11.3 Stealth
 + Level 6.4 Shields
 + Level 2.3 Spellcasting
 + Level 2.4 Transmutations
 + Level 2.5 Earth Magic


You had 7 spell levels left.
You knew the following spells:

 Your Spells              Type           Power        Failure   Level
a - Statue Form           Tmut/Erth      4%           100%        6

Your spell library contained the following spells:

 Spells                   Type           Power        Failure   Level
 Apportation              Tloc           2%           63%         1
 Teleport Other           Tloc           1%           94%         3
 Borgnjor's Vile Clutch   Necr/Erth      2%           100%        5


Dungeon Overview and Level Annotations

Branches:
Dungeon (8/15)             Temple (1/1) D:5
   Lair: D:8-11

Altars:
Ashenzari
Cheibriados
Dithmenos
Elyvilon
Fedhas
Gozag
Hepliaklqana
Kikubaaqudgha
Makhleb
Nemelex Xobeh
Okawaru
Qazlal
Ru
Sif Muna
Trog
Uskayaw
Vehumet
Xom
Yredelemnul
Zin
The Shining One

Shops:
D:5 [(

Annotations:
D:4 3 runed translucent doors, coldfrog's ghost, amateur SpVM
D:8 Psyche


Innate Abilities, Weirdness & Mutations

You cannot wear most types of armour.
You are very stealthy in the water. (Stealth+)
You are amphibious.
You can wear up to eight rings at the same time.
You can use your tentacles to constrict eight enemies at once.
Your skin changes colour to match your surroundings (Stealth+).
Your rubbery body absorbs attacks. (AC +1, EV +1)
You are partially covered in large bone plates. (SH +4)
Your mind is acute. (Int +2)
You expend magic power (3 MP) to strengthen your wands.


Message History

You block the gnoll's attack. The manticore misses you.
The manticore claws you. The manticore claws you!
You take 17 damage, and have 44/69 hp.
MASSIVE DAMAGE!!
You hit the manticore.
The manticore looks as sick as possible!
You squeeze the manticore!
The manticore is moderately wounded.
The gnoll hits you from afar with a +0 halberd!
The manticore closely misses you. x2; You block the manticore's attack.
You take 7 damage, and have 37/69 hp.
You hit the manticore.
The manticore looks as sick as possible!
The manticore is moderately wounded.
You block the manticore's attack. The manticore claws you.
The manticore claws you! You block the gnoll's attack.
You take 16 damage, and have 21/69 hp.
MASSIVE DAMAGE!!
You barely miss the manticore. You squeeze the manticore!
The manticore is heavily wounded.
The manticore bites you!!
You die...

##<()##..#####..)#####.##....
#######.....†..⌠.............
.........#####)..#####.##..@.
####...(##...'#.#'...### . #
##....#.8.(.#.#...8.#
###.....#.._..#)#.._..#
#...#####.8.8.#.#.8.8.# #.###
##...##.##...## #.#
#####..@##### #.# ##..H.####
#.# #####g...# ..#
#..[.###..# .## #....# .# ##
#.g..# # # #####....# #
##........# < #..###....#


You could see a manticore (extremely poisoned) and a gnoll.

Vanquished Creatures
  A two-headed ogre (D:7)
  Maurice (D:8)
  Sigmund (D:4)
  Eustachio (D:4)
  Menkaure (D:7)
  Edmund (D:4)
  An orc warrior (D:5)
  A sky beast (D:6)
  An ice beast (D:6)
  A necrophage (D:8)
  2 ogres
  3 phantoms (D:4)
  4 centaurs
  3 bullfrogs
  Blork the orc (D:4)
  A gnoll sergeant (D:8)
  A scorpion (D:4)
  5 wights (D:7)
  A howler monkey (D:7)
  A bullfrog zombie (D:7)
  3 hounds
  A bullfrog skeleton (D:5)
  A centaur skeleton (D:4)
  2 orc priests (D:4)
  Crazy Yiuf (D:7)
  2 iguanas
  2 orc wizards (D:3)
  4 worker ants
  Robin (D:4)
  7 gnolls
  7 adders
  2 shadow imps
  2 white imps
  A worm (D:2)
  2 dart slugs
  A leopard gecko (D:7)
  18 orcs
  4 bats
  4 giant cockroaches
  14 goblins
  13 hobgoblins
  7 jackals
  A quokka (D:4)
  A ball python (D:4)
  A ball python skeleton (D:6)
  6 frilled lizards
  14 kobolds
  A leopard gecko skeleton (D:5)
  A quokka zombie (D:8)
  9 rats
165 creatures vanquished.

Vanquished Creatures (others)
  2 fungi (D:7)
2 creatures vanquished.

Grand Total: 167 creatures vanquished

Notes
Turn   | Place    | Note
-------+----------+-------------------------------------------
     0 | D:1      | kaeus the Octopode Fighter began the quest for the Orb.
     0 | D:1      | Reached XP level 1. HP: 16/16 MP: 1/1
   137 | D:1      | Reached skill level 1 in Stealth
   152 | D:1      | Reached XP level 2. HP: 21/21 MP: 2/2
   699 | D:1      | Reached skill level 2 in Stealth
   980 | D:2      | Reached XP level 3. HP: 26/26 MP: 3/3
  1227 | D:2      | Found a faded altar of an unknown god.
  1766 | D:2      | Reached skill level 3 in Stealth
  1766 | D:2      | Reached XP level 4. HP: 31/31 MP: 4/4
  2629 | D:3      | Reached XP level 5. HP: 36/36 MP: 5/5
  2820 | D:4      | Noticed a centaur
  2846 | D:4      | Found a burning altar of Makhleb.
  2846 | D:4      | Noticed an ogre
  2846 | D:4      | Noticed Robin
  2896 | D:4      | Noticed Blork the orc
  2905 | D:3      | Reached skill level 4 in Stealth
  3271 | D:4      | Killed Blork the orc
  3272 | D:4      | Reached XP level 6. HP: 10/43 MP: 6/6
  4178 | D:4      | Reached skill level 5 in Stealth
  4529 | D:4      | Killed Robin
  4674 | D:4      | Reached XP level 7. HP: 48/48 MP: 7/7
  4789 | D:4      | Reached skill level 6 in Stealth
  5097 | D:4      | Noticed Sigmund
  5116 | D:4      | Killed Sigmund
  5288 | D:4      | Noticed Edmund
  5302 | D:4      | Killed Edmund
  5303 | D:4      | Reached skill level 7 in Stealth
  5303 | D:4      | Reached XP level 8. HP: 45/54 MP: 8/8
  5303 | D:4      | Found a runed translucent gate.
  5303 | D:4      | Found a runed translucent gate.
  5304 | D:4      | Found a runed translucent gate.
  5732 | D:4      | Noticed coldfrog's ghost (amateur SpVM)
  6026 | D:4      | Noticed Eustachio
  6034 | D:4      | Killed Eustachio
  6035 | D:4      | Reached skill level 5 in Fighting
  6035 | D:4      | Reached skill level 8 in Stealth
  6035 | D:4      | Reached skill level 5 in Shields
  6067 | D:4      | Reached skill level 5 in Dodging
  6612 | D:5      | Entered Level 5 of the Dungeon
  6738 | D:5      | Found a staircase to the Ecumenical Temple.
  6749 | Temple   | Entered the Ecumenical Temple
  7229 | D:5      | Found Uderiun's Armour Shop.
  7694 | D:5      | Found Udugiji's Antique Weapon Shop.
  8142 | D:6      | Reached skill level 9 in Stealth
  8164 | D:5      | Gained mutation: You expend magic power (3 MP) to
                  | strengthen your wands. [potion of mutation]
  8164 | D:5      | Gained mutation: Your mind is acute. (Int +2) [potion of
                  | mutation]
  8164 | D:5      | Gained mutation: You are partially covered in large bone
                  | plates. (SH +4) [potion of mutation]
  8170 | D:5      | Reached XP level 9. HP: 43/61 MP: 9/9
  8741 | D:6      | Found a sacrificial altar of Ru.
  8781 | D:6      | Reached skill level 5 in Short Blades
  9496 | D:7      | Found a radiant altar of Vehumet.
  9532 | D:7      | Noticed Menkaure
  9578 | D:7      | Identified the Tome of the Dusty Compass
  9591 | D:7      | Learned a level 6 spell: Statue Form
  9832 | D:7      | Reached skill level 10 in Stealth
 10081 | D:7      | Reached skill level 1 in Spellcasting
 10081 | D:7      | Reached skill level 1 in Transmutations
 10226 | D:7      | Reached skill level 1 in Earth Magic
 10297 | D:7      | Killed Menkaure
 10569 | D:7      | Found a runed translucent door.
 10570 | D:7      | Noticed Crazy Yiuf
 10577 | D:7      | Killed Crazy Yiuf
 10622 | D:8      | Noticed a two-headed ogre
 10635 | D:7      | Killed a two-headed ogre
 10636 | D:7      | Reached XP level 10. HP: 23/68 MP: 12/12
 11226 | D:8      | Found a glowing golden altar of the Shining One.
 11241 | D:8      | Found a shadowy altar of Dithmenos.
 11254 | D:8      | Found a blossoming altar of Fedhas.
 11265 | D:8      | Found a shimmering blue altar of Sif Muna.
 11280 | D:8      | Noticed Psyche
 11301 | D:8      | Reached skill level 11 in Stealth
 11303 | D:8      | Noticed Maurice
 11573 | D:8      | Killed Maurice
 11602 | D:7      | HP: 3/69 [poisoned by Maurice]
 11610 | D:7      | HP: 3/69 [poisoned by Maurice]
 12040 | D:8      | Noticed a manticore
 12118 | D:8      | Slain by a manticore

Illustrated notes

Levels and vault maps discovered:
D:1:      mushboom_english_gardens, layout_basic
D:2:      layout_basic, chequers_ecumenical_altar_simple, minmay_ruptured
D:3:      layout_basic
D:4:      layout_layer_cave, overflow_temple_1_default,
          gammafunk_ghost_necromancy, uniq_edmund, uniq_robin,
          uniq_blork_the_orc, uniq_sigmund, uniq_eustachio
D:5:      layout_layer_cave, minmay_temple_entry_stoned_glass, serial_shops,
          nicolae_shop_overgrown_old_shop, shop
D:6:      layout_loops_ring, nicolae_ru_the_path_less_chosen
D:7:      layout_loops_ring, lemuel_crystal_altar, uniq_menkaure,
          uniq_crazy_yiuf_cottage
D:8:      layout_rooms, grunt_temple_overflow_cloverleaf, basic_altar,
          uniq_psyche, uniq_prince_ribbit1, uniq_maurice, uniq_joseph, uniq_grum
Temple:   minmay_temple_curvy_branch

Skill      XL: |  1  2  3  4  5  6  7  8  9 10 |
---------------+-------------------------------+-----
Stealth        | 1 2 3 4 5 7 9 10 11 | 11.3
Short Blades   | 3 4 5 |  5.1
Fighting       | 4 5 6 |  6.4
Dodging        | 4 5 6 |  6.3
Shields        | 4 5 6 |  6.4
Spellcasting   | 1 2 |  2.3
Transmutations | 2 |  2.4
Earth Magic    | 2 |  2.5

Action                   |  1- 3 |  4- 6 |  7- 9 | 10-12 || total
-------------------------+-------+-------+-------+-------++-------
Melee: Rapier            |    32 |       |       |       ||    32
       Constrict         |    19 |    21 |    30 |    14 ||    84
       Tentacles         |     9 |    26 |    62 |    23 ||   120
       Dagger            |    54 |    80 |   257 |    37 ||   428
       Short sword       |       |       |       |    20 ||    20
Throw: Dart              |       |     6 |    12 |     1 ||    19
  Use: Potion            |       |       |     6 |       ||     6
 Stab: Sleeping          |    10 |     4 |    18 |     4 ||    36
       Distracted        |       |     1 |       |       ||     1
Armor: Skin              |     3 |     4 |     3 |       ||    10
Dodge: Dodged            |    20 |    35 |    86 |    33 ||   174
Block: Kite shield       |    30 |    34 |    81 |    45 ||   190
